 Dungeon Crawl Stone Soup version 0.27-a0-1248-g57ac2eb73c (webtiles) character file.

Game seed: 9606869705871495852

204 Majang the Insei (level 5, -6/34 HPs)
             Began as an Octopode Transmuter on June 10, 2021.
             Was an Initiate of Cheibriados.
             Mangled by a wyvern zombie (12 damage)
             ... on level 5 of the Dungeon.
             The game lasted 00:13:40 (4639 turns).

Majang the Insei (Octopode Transmuter)              Turns: 4639, Time: 00:13:41

Health: -6/34      AC:  1    Str: 12    XL:     5   Next: 82%
Magic:  8/9        EV: 13    Int: 16    God:    Cheibriados [......]
Gold:   146        SH:  0    Dex: 13    Spells: 2/9 levels left

rFire    . . .     SeeInvis .     - Unarmed
rCold    . . .     Faith    .   (no shield)
rNeg     . . .     Spirit   .   (helmet currently unavailable)
rPois    .         Reflect  .   (no amulet)
rElec    .         Harm     .   (no ring)
rCorr    .         Rampage  .   (no ring)
Will     .....                  (no ring)
Stlth    ++........             (no ring)
HPRegen  0.11/turn              (no ring)
MPRegen  0.11/turn              (no ring)
                                (no ring)
                                (no ring)

@: appendages, very slow
A: tentacle spike 3, almost no armour, amphibious, 8 rings, camouflage 1,
gelatinous body 1, (nimble swimmer 1), tentacles
a: End Transformation, Renounce Religion, Bend Time


You were on level 5 of the Dungeon.
You worshipped Cheibriados.
Cheibriados was noncommittal.
One of your tentacles had grown a beastly spike.
You visited 1 branch of the dungeon, and saw 7 of its levels.

You collected 146 gold pieces.

Inventory:

Missiles
 p - 7 poisoned darts
Jewellery
 c - a +4 ring of slaying
 f - a ring of fire
Scrolls
 a - 2 scrolls of enchant weapon {unknown}
 b - 2 scrolls of amnesia {unknown}
 g - 2 scrolls of fear {unknown}
 h - 2 scrolls of immolation {unknown}
 j - a scroll of teleportation {unknown}
 k - 2 scrolls of enchant armour
 l - a scroll of identify
 q - a scroll of torment {unknown}
Potions
 d - 2 potions of berserk rage
 e - a potion of heal wounds {unknown}
 i - 2 potions of curing {unknown}
 m - a potion of ambrosia {unknown}
 n - a potion of invisibility {unknown}
 o - a potion of lignification {unknown}


   Skills:
 + Level 2.1 Fighting
 - Level 2.0 Dodging
 * Level 4.1 Unarmed Combat
 + Level 2.7 Spellcasting
 * Level 3.5 Transmutations
 + Level 1.0 Ice Magic
 + Level 1.1 Invocations


You had 2 spell levels left.
You knew the following spells:

 Your Spells              Type           Power      Damage    Failure   Level
a - Beastly Appendage     Tmut           26%        N/A       4%          1
b - Wereblood             Tmut           13%        N/A       7%          2
i - Ice Form              Ice/Tmut       9%         N/A       58%         4

Your spell library contained the following spells:

 Spells                   Type           Power      Damage    Failure   Level
 Freeze                   Ice            20%        1d4       13%         1
 Spider Form              Tmut/Pois      3%         N/A       28%         3
 Frozen Ramparts          Ice            10%        1d3       36%         3
 Ozocubu's Armour         Ice            5%         N/A       36%         3
 Hailstorm                Conj/Ice       3%         3d3       83%         4
 Metabolic Englaciation   Hex/Ice        1%         N/A       99%         5


Dungeon Overview and Level Annotations

Branches:
Dungeon (7/15)
 Temple: D:4-7

Altars:
Cheibriados
Xom

Annotations:
D:3 Terence


Innate Abilities, Weirdness & Mutations

One of your tentacles has grown a beastly spike.
You cannot wear most types of armour.
You are amphibious.
You can wear up to eight rings at the same time.
Your skin changes colour to match your surroundings (Stealth+).
Your rubbery body absorbs attacks. (AC +1, EV +1)
((You are camouflaged near water. (Stealth+)))
You have tentacles for arms and can constrict up to eight enemies at once.


Message History

You constrict the iguana. The iguana completely misses you.
You tentacle-slap the iguana but do no damage.
The iguana is heavily wounded.
You constrict the iguana. You tentacle-slap the iguana.
You pierce the iguana.
You squeeze the iguana.
You kill the iguana!
Cheibriados appreciates the change of pace.
Your Ice Magic skill increases to level 1!
You start resting.
Your transformation is almost over.
You start resting.
Your tentacle spike disappears.
There is a stone staircase leading up here.
You start resting.
HP restored.
You climb upwards.
A wyvern zombie comes into view.
Found a club, 14 stones and 20 arrows.
There is a stone staircase leading down here.
Casting: Beastly Appendage (safe; 4% risk of failure)
Confirm with . or Enter, or press ? or * to list all spells.
One of your tentacles grows a vicious spike.
You tentacle-slap the wyvern zombie.
The wyvern zombie is lightly damaged.
The wyvern zombie bites you!
You tentacle-slap the wyvern zombie.
You pierce the wyvern zombie, but do no damage.
The wyvern zombie is lightly damaged.
The wyvern zombie bites you.
You tentacle-slap the wyvern zombie but do no damage.
You pierce the wyvern zombie, but do no damage.
You squeeze the wyvern zombie, but do no damage.
The wyvern zombie is lightly damaged.
The wyvern zombie barely misses you.
You barely miss the wyvern zombie. You squeeze the wyvern zombie!
The wyvern zombie is moderately damaged.
The wyvern zombie bites you!
* * * LOW HITPOINT WARNING * * *
The wyvern zombie bites you!
You die...

#########
#..@....#
......Z#.......
....... .......
.(..... ..)....
....... .......
###(### ###+###
#. .


You could see a wyvern zombie.

Vanquished Creatures
  A hound (D:4)
  3 iguanas
  A mummy (D:3)
  An adder skeleton (D:4)
  An adder zombie (D:1)
  2 dart slugs
  4 orcs (D:4)
  6 bats
  6 endoplasms
  4 giant cockroaches
  3 goblins
  8 hobgoblins
  8 kobolds
  3 quokkas
  7 ball pythons
  3 frilled lizards
  A jackal zombie (D:1)
  7 rats
69 creatures vanquished.

Vanquished Creatures (others)
  5 dream sheep (D:3)
5 creatures vanquished.

Grand Total: 74 creatures vanquished

Notes
Turn   | Place    | Note
-------+----------+-------------------------------------------
     0 | D:1      | Majang the Octopode Transmuter began the quest for the Orb.
     0 | D:1      | Reached XP level 1. HP: 13/13 MP: 3/3
   505 | D:1      | Reached XP level 2. HP: 18/18 MP: 3/5
   508 | D:1      | Learned a level 2 spell: Wereblood
  1105 | D:1      | Reached XP level 3. HP: 23/23 MP: 4/6
  2061 | D:2      | Found a faded altar of an unknown god.
  2600 | D:3      | Reached XP level 4. HP: 28/28 MP: 5/7
  2617 | D:3      | Learned a level 4 spell: Ice Form
  2680 | D:3      | Noticed Terence
  3045 | D:3      | Found a snail-covered altar of Cheibriados.
  3051 | D:3      | Became a worshipper of Cheibriados the Contemplative
  3229 | D:3      | Noticed a dream sheep
  3229 | D:3      | Noticed a dream sheep
  3229 | D:3      | Noticed a dream sheep
  3229 | D:3      | Noticed a dream sheep
  3229 | D:3      | Noticed a dream sheep
  3229 | D:3      | Found a shimmering altar of Xom.
  3233 | D:3      | Killed a dream sheep
  3233 | D:3      | Killed a dream sheep
  3234 | D:3      | Killed a dream sheep
  3234 | D:3      | Killed a dream sheep
  3235 | D:3      | Killed a dream sheep
  3871 | D:4      | Reached skill level 4 in Unarmed Combat
  3871 | D:4      | Reached XP level 5. HP: 24/34 MP: 6/8
  4171 | D:4      | You fall into a shaft and drop 3 floors!
  4172 | D:7      | Noticed a black bear
  4207 | D:6      | Reached skill level 1 in Invocations
  4470 | D:6      | Reached skill level 1 in Ice Magic
  4634 | D:5      | Entered Level 5 of the Dungeon
  4639 | D:5      | Mangled by a wyvern zombie

Illustrated notes

Levels and vault maps discovered:
D:1:      saegor_arrival_fortress, layout_loops_corners, minmay_misc_feat_room,
          minmay_pentomino_r2
D:2:      layout_basic, shapermc_ecumenical_altar_starsandcircs
D:3:      layout_basic, chei_slow_surprise, kb_xom_exploding_sheep,
          serial_glass, glass_columns_a, glass_columns_c, item_on_display_a,
          due_unseen_surprise, uniq_terence
D:4:      layout_loops_ring, lemuel_coloured_pillars_altar, st_stairs_10
D:5:      layout_gridville, uniq_grinder, uniq_duvessa
D:6:      layout_basic, marbit_many_paths, lemuel_doored_altar,
          skrybe_limestone_x
D:7:      layout_rooms, nicolae_overflow_hidden_temple,
          minmay_temple_entry_butterflies, kennysheep_generic_room_3,
          uniq_maggie

Skill      XL: |  1  2  3  4  5 |
---------------+----------------+-----
Transmutations | 3 |  3.5
Unarmed Combat | 4 |  4.1
Fighting       | 2 |  2.1
Invocations    | 1 |  1.1
Ice Magic      | 1 |  1.0
Dodging        | |  2.0
Spellcasting   | |  2.7

Action                   |  1- 3 |  4- 6 || total
-------------------------+-------+-------++-------
Melee: Unarmed           |    90 |    63 ||   153
       Constrict         |    26 |    17 ||    43
       Kick              |    21 |    24 ||    45
       Tentacles         |    10 |    18 ||    28
       Punch             |     3 |       ||     3
 Cast: Beastly Appendage |    27 |    15 ||    42
       Wereblood         |     4 |     1 ||     5
  Use: Scroll            |       |     2 ||     2
 Stab: Sleeping          |     3 |     1 ||     4
Armor: Skin              |     3 |       ||     3
Dodge: Dodged            |    37 |    24 ||    61

Table legend: (Time is in decaauts)
 A = Elapsed time spent in this place.
 B = Non-inter-level travel time spent in this place.
 C = Inter-level travel time spent in this place.
 D = Time resting spent in this place.
 E = Time spent auto-exploring this place.
 F = Levels seen in this place.
 G = Mean time per level.
                   A        B        C        D        E       F      G
               +--------+--------+--------+--------+--------+-----+--------+
         Total |   4840 |   4739 |    101 |   1396 |   2720 |   7 |  691.4 |
       Dungeon |   4840 |   4739 |    101 |   1396 |   2720 |   7 |  691.4 |
               +--------+--------+--------+--------+--------+-----+--------+

Top non-repeatable levels by time:
     D:1: 1758 daAuts
     D:3: 1274 daAuts
     D:4: 752 daAuts
     D:2: 546 daAuts
     D:6: 495 daAuts
     D:7: 8 daAuts
     D:5: 4 daAuts
